Construct Infanterie Kompanie
Selects Mechanized Battlegroup
Construct Luftwaffe Kompanie
Selects Mobile Repair Stations
Luftwaffe Officer Quarters
Selects Wespe Self-propelled Artillery
Wespe Self-propelled Artillery
Flak 30 Anti-aircraft Gun Team
Wespe Self-propelled Artillery
Selects Zeroing Artillery Barrage
Selects 8 Rad Armored Car
Wespe Self-propelled Artillery
Marder III M Tank Destroyer
Marder III M Tank Destroyer
Selects Panther Heavy Tank
Selects Panther Heavy Tank
Selects Panther Heavy Tank
Selects Panther Heavy Tank
Selects Zeroing Artillery Barrage
Zeroing Artillery Barrage
Wespe Self-propelled Artillery
Zeroing Artillery Barrage
Zeroing Artillery Barrage